Map: Galactic Process LE

Players

Altarion

  • Race: Zerg Zerg
  • League: Platinum

Tenonee - Winner!

  • Race: Terran Terran
  • League: Diamond

VOD

Have the link to the VOD?

Description

Time

  • Played on: July 31, 2016, 6:17 a.m.
  • Length: 9:28
Show
View Real Time Build Order
Export as new Build Order

Altarion Zerg 

Build Orders: Hatch First 

Get SALT Encoding   

  12  0:02  Drone  
  13  0:17  Overlord  
  13  0:20  Drone  
  14  0:36  Drone x2  
  16  0:46  Drone  
  17  0:56  Hatchery  
  16  1:08  Drone x2  
  18  1:18  Spawning Pool  
  18  1:21  Drone  
  18  1:27  Overlord  
  18  1:28  Extractor  
  17  1:42  Drone  
  18  1:49  Drone  
  19  2:03  Drone  
  20  2:10  Queen x2  
  24  2:24  Hatchery  
  24  2:25  Zergling x2  
  24  2:31  Overlord  
  23  2:54  Drone x4  
  23  2:55  Drone x2  
  29  3:08  Drone  
  29  3:09  Drone  
  31  3:21  Metabolic Boost  
  31  3:29  Lair  
  31  3:33  Extractor  
  30  3:36  Extractor  
  29  3:41  Drone  
  29  3:42  Drone x5  
  29  3:45  Overlord  
  35  3:53  Queen  
  37  4:05  Roach Warren  
  37  4:08  Drone x3  
  37  4:09  Spine Crawler  
  37  4:34  Queen  
  39  4:39  Spire  
  37  5:02  Spine Crawler  
  36  5:08  Drone x5  
  36  5:09  Drone x5  
  36  5:10  Queen  
  48  5:20  Pneumatized Carapace  
  48  5:23  Overseer  
  48  5:46  Queen  
  50  5:54  Mutalisk  
  50  5:55  Mutalisk x3  
  58  6:02  Overlord x3  
  58  6:06  Extractor  
  58  6:07  Extractor  
  56  6:12  Drone x2  
  56  6:13  Evolution Chamber, Drone  
  56  6:14  Zerg Flyer Weapons Level 1  
  58  6:29  Mutalisk x2  
  58  6:30  Mutalisk  
  64  6:54  Mutalisk x2  
  68  7:20  Zergling x12  
  68  7:21  Zergling x20  
  82  7:32  Overlord x3  
  82  7:35  Overseer x3  
  82  7:52  Drone x6  
  88  8:00  Hatchery  
  88  8:01  Spore Crawler  
  88  8:02  Spine Crawler  
  85  8:06  Drone x5  
  86  8:34  Zergling x18  
  57  8:51  Zergling x2  
  57  8:52  Zergling x16  
Show
View Real Time Build Order
Export as new Build Order

Tenonee Terran - Winner!

Build Orders: Reaper Expand, MMM Bio 

Get SALT Encoding   

  12  0:01  SCV  
  13  0:13  SCV  
  14  0:17  Supply Depot  
  14  0:25  SCV  
  15  0:39  SCV  
  15  0:42  Barracks  
  16  0:47  Refinery  
  16  0:51  SCV  
  17  1:03  SCV  
  17  1:04  Supply Depot  
  18  1:15  SCV  
  19  1:28  Orbital Command  
  19  1:32  Reaper  
  20  1:52  Command Center  
  20  1:54  SCV  
  21  2:05  Marine  
  21  2:06  SCV  
  23  2:10  Factory  
  23  2:18  SCV  
  24  2:27  Barracks  
  24  2:28  Barracks Reactor  
  24  2:31  SCV  
  25  2:43  SCV  
  26  2:55  SCV  
  27  3:07  SCV  
  28  3:15  Barracks Reactor  
  28  3:16  Barracks Tech Lab  
  28  3:17  Hellion x2  
  28  3:19  SCV  
  33  3:31  SCV  
  34  3:38  Hellion x2  
  34  3:39  Stimpack  
  38  3:42  Supply Depot  
  38  3:43  Orbital Command, Marine, SCV  
  38  3:47  Refinery  
  40  3:55  Supply Depot, Marine x2, SCV  
  43  4:08  SCV  
  43  4:09  Marine  
  45  4:11  Hellion  
  45  4:12  SCV  
  45  4:13  Marine  
  49  4:20  SCV  
  50  4:24  SCV  
  50  4:26  Supply Depot  
  50  4:30  Marine  
  52  4:32  SCV  
  52  4:35  Starport  
  52  4:36  SCV  
  54  4:47  Marine x2  
  54  4:52  SCV x2  
  54  5:02  Factory Tech Lab  
  54  5:04  Barracks, SCV x2  
  54  5:06  Command Center  
  56  5:08  Marine  
  59  5:16  SCV  
  59  5:20  SCV  
  59  5:23  Barracks Reactor, Engineering Bay  
  59  5:25  Engineering Bay  
  59  5:28  SCV  
  60  5:32  SCV, Refinery  
  60  5:33  Supply Depot  
  60  5:34  Marine, Refinery  
  62  5:36  Medivac x2  
  62  5:40  SCV  
  62  5:42  Combat Shields  
  67  5:44  SCV  
  68  5:52  Marine, SCV  
  68  5:55  Siege Tank  
  68  5:56  Supply Depot  
  68  5:57  SCV  
  74  6:01  Supply Depot  
  74  6:06  SCV  
  74  6:09  Supply Depot, SCV  
  74  6:10  Marine  
  77  6:19  Marine  
  77  6:25  Missile Turret, Orbital Command  
  77  6:27  Missile Turret  
  77  6:29  Marine x4  
  77  6:30  Widow Mine  
  77  6:31  Medivac x2  
  81  6:32  Terran Infantry Weapons Level 1  
  81  6:36  Marine, SCV x2  
  84  6:42  Terran Infantry Armor Level 1  
  84  6:46  Marine x2  
  85  6:47  Marine  
  85  6:48  SCV  
  85  6:49  Marine  
  89  6:54  Marine  
  90  7:02  Widow Mine  
  90  7:04  Marine x3  
  96  7:12  Marine  
  96  7:15  Barracks  
  97  7:22  Marine x3  
  99  7:24  Barracks Tech Lab  
  99  7:30  Marine  
  99  7:31  Liberator x2  
  100  7:37  Armory  
  100  7:40  Marine x3  
  100  7:41  Barracks  
  103  7:46  Marine  
  103  7:47  Widow Mine  
  103  7:48  Marine  
  113  7:58  Marine x2  
  113  8:13  Marine  
  113  8:14  Liberator, Marine x3  
  117  8:23  Marine x2  
  117  8:31  Marine x2  
  117  8:33  Supply Depot x2  
  118  8:46  Marine x3  
  118  8:47  Barracks Reactor  
  114  9:05  Marine x4  
  114  9:06  Marine  
  119  9:18  Barracks Reactor  
Tags
 
Add a new tag
Caveats
  • Supply blocks, unpowered buildings, or Contaminate may cause inaccurate times.
  • Supply counts are checked every 10 seconds.